 Dungeon Sprint DCSS version 0.27-a0-1291-geefcff550b (webtiles) character file.

Game seed: 6268880906412873473

14879 mhtbhm the Bludgeoner (level 12, -7/77 HPs)
             Began as a Vine Stalker Berserker on June 16, 2021.
             Was the Champion of Trog.
             Mangled by a hornet (14 damage)
             ... in the Dungeon (Sprint I: "Red Sonja").
             The game lasted 00:06:01 (1944 turns).

mhtbhm the Bludgeoner (Vine Stalker Berserker)      Turns: 1944, Time: 00:06:02

Health: -7/77      AC:  8    Str: 25    XL:     12   Next: 21%
Magic:  0/4        EV: 16    Int:  7    God:    Trog [******]
Gold:   2241       SH:  0    Dex: 17    Spells: 11/11 levels left

rFire    + . .     SeeInvis .   a - +6 dire flail (antimagic)
rCold    . . .     Faith    +   (shield currently unavailable)
rNeg     . . .     Spirit   +   b - +0 troll leather armour
rPois    .         Reflect  .   (no helmet)
rElec    .         Harm     .   (no cloak)
rCorr    .         Rampage  .   k - +1 pair of gloves {Dex+3}
Will     +....     NoTele   +   (no boots)
Stlth    +++++.....             i - amulet of faith
HPRegen  2.22/turn              p - ring of Qef Gavo {rF+ Stlth+}
MPRegen  0.09/turn              (no ring)

@: lethally poisoned (-7 -> -8), on berserk cooldown, mesmerised, slowed, very
slow
A: fangs 3, regeneration 1, magic shield, antimagic bite, no potion heal 2
a: Renounce Religion, Berserk, Trog's Hand, Brothers in Arms


You were in the Dungeon.
You worshipped Trog.
Trog was exalted by your worship.
You visited 1 branch You collected 3740 gold pieces.
You spent 1499 gold pieces at shops.

Inventory:

Hand Weapons
 a - a +6 antimagic dire flail (weapon)
 g - a +3 antimagic great mace
 n - a +1 flail of holy wrath
Armour
 b - a +0 troll leather armour (worn)
 k - a +1 pair of gloves of dexterity (worn)
Jewellery
 i - an amulet of faith (around neck)
 p - the ring of Qef Gavo (left hand) {rF+ Stlth+}
   (You acquired it in the Dungeon)

   [ring of protection from fire]

   It protects you from fire.
   It makes you more stealthy.
Wands
 h - a wand of digging (8)
 j - a wand of polymorph (11)
Scrolls
 l - a scroll of silence
Potions
 c - a potion of curing
 d - a potion of haste
 e - 2 potions of magic
 f - a potion of berserk rage
 m - a potion of lignification {unknown}
 q - a potion of heal wounds {unknown}


   Skills:
 + Level 15.5 Fighting
 + Level 16.8 Maces & Flails
 + Level 10.2 Armour
 + Level 8.0 Dodging
 + Level 9.5 Stealth
 + Level 1.5 Evocations


You had 11 spell levels left.
You didn't know any spells.
Your spell library was empty.

Dungeon Overview and Level Annotations

Branches:
Dungeon (1/1)

Altars:
Cheibriados
Dithmenos
Elyvilon
Fedhas
Gozag
Hepliaklqana
Kikubaaqudgha
Makhleb
Nemelex Xobeh
Okawaru
Qazlal
Ru
Sif Muna
Trog
Uskayaw
Vehumet
Wu Jian
Xom
Yredelemnul
Zin
The Shining One
Jiyva
Lugonu

Shops:
D =*((*!![![*!?=[!=


Innate Abilities, Weirdness & Mutations

You have razor-sharp teeth.
Your natural rate of healing is unusually fast.
When hurt, damage is shared between your health and your magic reserves.
Your bite disrupts and absorbs the magic of your enemies.
Potions cannot restore your health.


Message History

You are too injured to fight recklessly!
You puncture the hornet!
The hornet is moderately wounded.
You feel sick.
The hornet is engulfed in a cloud of scalding steam.
The hornet misses you.
The hornet stings you but does no damage.
The merfolk siren hits you from afar with a +0 spear!
* * * LOW HITPOINT WARNING * * *
You feel sick.
The hornet is engulfed in a cloud of scalding steam. x3
The hornet closely misses you.
The hornet is engulfed in a cloud of scalding steam.
The hornet stings you!
* * * LOW HITPOINT WARNING * * *
You feel as though you will be slow longer.
There is an open door here.
Really stalk into that arrow trap?
Okay, then.
There are monsters nearby!
Unknown command.
Really stalk into that arrow trap?
An arrow shoots out and hits you!
* * * LOW HITPOINT WARNING * * *
You feel a strong urge to attack something.
You are no longer berserk.
Trog's vigour flows through your veins.
You are exhausted.
You feel as though you will be slow longer.
You feel sick.
There is an arrow trap here.
Unknown command.
Okay, then.
Okay, then.
Your stone giant goes berserk!
You feel sick. The hornet barely misses you.
The merfolk siren chants a haunting song.
You are mesmerised by the merfolk siren!
The hornet stings you!
You die...

########################
#§§.)§§§.§§§§.§#^§§§...#
#§####§§§§§##§§C@^#§§§§##
#§#
##..§#######y#.§(§.#####
§§# ###+# #y.#§....#...#
### #§y##§§§.#.∩(#
#§m≈###§##...#
#..≈.}#)####'#
#..≈.##'#§§§.##
#..≈##§.§^§§..##
#..≈#§.§^.§^§..#


You could see a merfolk siren (mesmerising), 2 hornets and a friendly stone
giant (summoned, berserk).

Vanquished Creatures
  A golden dragon (D)
  A shadow dragon (D)
  A deep elf annihilator (D)
  A hydra (D)
  2 centaur warriors (D)
  A deep troll (D)
  A lindwurm (D)
  An oklob plant (D)
  A merfolk siren (D)
  2 unseen horrors (D)
  2 kobold demonologists (D)
  4 demonic crawlers (D)
  2 hornets (D)
  A slime creature (D)
  2 redbacks (D)
  Sigmund (D)
  A yak (D)
  13 hogs (D)
  3 floating eyes (D)
  7 necrophages (D)
  An ogre (D)
  8 jellies (D)
  Ijyb (D)
58 creatures vanquished.

Vanquished Creatures (others)
  A gargoyle (D)
1 creature vanquished.

Grand Total: 59 creatures vanquished

Notes
Turn   | Place    | Note
-------+----------+-------------------------------------------
     0 | D        | mhtbhm the Vine Stalker Berserker began the quest for the
                  | Orb.
     0 | D        | Reached XP level 1. HP: 11/11 MP: 2/2
     1 | D        | Noticed Ijyb
     5 | D        | Killed Ijyb
     6 | D        | Reached skill level 4 in Maces & Flails
     6 | D        | Reached XP level 2. HP: 17/17 MP: 3/3
     6 | D        | Reached XP level 3. HP: 21/21 MP: 4/4
    84 | D        | Noticed an ogre
    89 | D        | Killed an ogre
    90 | D        | Reached skill level 5 in Fighting
    90 | D        | Reached skill level 5 in Maces & Flails
    90 | D        | Gained mutation: Your natural rate of healing is unusually
                  | fast. [Vine Stalker growth]
    90 | D        | Reached XP level 4. HP: 17/28 MP: 2/5
   138 | D        | Noticed Sigmund
   145 | D        | Killed Sigmund
   145 | D        | Reached ** piety under Trog
   146 | D        | Reached skill level 7 in Maces & Flails
   146 | D        | Reached XP level 5. HP: 33/33 MP: 6/6
   146 | D        | Reached XP level 6. HP: 38/38 MP: 7/7
   187 | D        | Found a basalt altar of Yredelemnul.
   187 | D        | Found a hide-covered altar of Uskayaw.
   187 | D        | Found a hazy altar of Hepliaklqana.
   187 | D        | Found a shadowy altar of Dithmenos.
   187 | D        | Found a sacrificial altar of Ru.
   187 | D        | Found a snail-covered altar of Cheibriados.
   187 | D        | Found an opulent altar of Gozag.
   187 | D        | Found a sparkling altar of Nemelex Xobeh.
   188 | D        | Found an ancient bone altar of Kikubaaqudgha.
   188 | D        | Found Xathyiti's Jewellery Emporium.
   188 | D        | Found a glowing golden altar of the Shining One.
   188 | D        | Found an iron altar of Okawaru.
   188 | D        | Found a bloodstained altar of Trog.
   188 | D        | Found a blossoming altar of Fedhas.
   188 | D        | Found a stormy altar of Qazlal.
   188 | D        | Found a white marble altar of Elyvilon.
   188 | D        | Found a glowing silver altar of Zin.
   188 | D        | Noticed a yak
   196 | D        | Killed a yak
   197 | D        | Reached skill level 8 in Maces & Flails
   245 | D        | Found a shimmering blue altar of Sif Muna.
   245 | D        | Found a radiant altar of Vehumet.
   245 | D        | Found an ornate altar of the Wu Jian Council.
   250 | D        | Reached skill level 9 in Maces & Flails
   250 | D        | Reached XP level 7. HP: 37/44 MP: 6/8
   375 | D        | Found a burning altar of Makhleb.
   375 | D        | Found a viscous altar of Jiyva.
   375 | D        | Found a shimmering altar of Xom.
   375 | D        | Found a corrupted altar of Lugonu.
   375 | D        | Noticed a slime creature
   381 | D        | Killed a slime creature
   381 | D        | Reached *** piety under Trog
   438 | D        | Noticed a kobold demonologist
   438 | D        | Noticed a kobold demonologist
   439 | D        | Noticed a rust devil
   448 | D        | Killed a kobold demonologist
   448 | D        | Reached **** piety under Trog
   449 | D        | Reached skill level 10 in Fighting
   449 | D        | Reached skill level 10 in Maces & Flails
   449 | D        | Reached skill level 5 in Armour
   449 | D        | Reached skill level 1 in Stealth
   449 | D        | Gained mutation: You have razor-sharp teeth. [Vine Stalker
                  | growth]
   449 | D        | Reached XP level 8. HP: 50/50 MP: 9/9
   449 | D        | Noticed an ice devil
   455 | D        | Killed a kobold demonologist
   456 | D        | Reached skill level 5 in Dodging
   546 | D        | Found Monibb's Armour Emporium.
   568 | D        | Bought a +1 pair of gloves of dexterity for 231 gold pieces
   586 | D        | Noticed a deep troll
   596 | D        | Killed a deep troll
   596 | D        | Reached ***** piety under Trog
   597 | D        | Reached skill level 11 in Maces & Flails
   597 | D        | Reached XP level 9. HP: 17/56 MP: 4/10
   667 | D        | Noticed a centaur warrior
   671 | D        | Noticed a centaur warrior
   675 | D        | Killed a centaur warrior
   676 | D        | Reached skill level 12 in Maces & Flails
   681 | D        | Killed a centaur warrior
   729 | D        | Noticed a hornet
   734 | D        | Killed a hornet
   735 | D        | Reached skill level 1 in Evocations
   775 | D        | Noticed an oklob plant
   779 | D        | Killed an oklob plant
   780 | D        | Reached skill level 13 in Maces & Flails
   780 | D        | Reached XP level 10. HP: 63/63 MP: 11/11
   890 | D        | Reached ****** piety under Trog
   956 | D        | Killed an unseen horror
   959 | D        | Killed an unseen horror
   980 | D        | Killed a gargoyle
  1042 | D        | Received a gift from Trog
  1050 | D        | Reached skill level 5 in Stealth
  1088 | D        | Received a gift from Trog
  1172 | D        | Found Bonwipoi's Antique Weapon Shoppe.
  1172 | D        | Found Afeisomewk's General Store.
  1172 | D        | Found Seruexkury's Antique Weapon Boutique.
  1174 | D        | Found Adgha's Assorted Antiques.
  1174 | D        | Found Ciptobe's Distillery.
  1174 | D        | Found Tyrizifusk's Distillery.
  1174 | D        | Found Leclex's Armour Boutique.
  1174 | D        | Found Woyse Kim's Distillery.
  1174 | D        | Found Dabrohir's Armour Shop.
  1174 | D        | Found Uwyacw's Assorted Antiques.
  1176 | D        | Bought a scroll of acquirement for 520 gold pieces
  1176 | D        | Bought a scroll of identify for 20 gold pieces
  1180 | D        | Found Futtastumo's Distillery.
  1181 | D        | Found Pamuor Wyalo's Jewellery Emporium.
  1181 | D        | Found Wyh Lodgh's Magic Scroll Boutique.
  1182 | D        | Found Migalaum's Distillery.
  1214 | D        | Bought a scroll of acquirement for 728 gold pieces
  1216 | D        | Acquired the ring of Qef Gavo {rF+ Stlth+}
  1220 | D        | Acquired 749 gold pieces
  1283 | D        | Received a gift from Trog
  1288 | D        | Reached skill level 14 in Maces & Flails
  1344 | D        | Noticed a lindwurm
  1351 | D        | Killed a lindwurm
  1352 | D        | Reached XP level 11. HP: 68/68 MP: 4/12
  1474 | D        | Received a gift from Trog
  1488 | D        | Received a gift from Trog
  1507 | D        | Reached skill level 15 in Maces & Flails
  1661 | D        | Noticed a 12-headed hydra
  1668 | D        | Killed a 12-headed hydra
  1668 | D        | Received a gift from Trog
  1668 | D        | Paralysed by a floating eye for 3 turns
  1773 | D        | Noticed a shadow dragon
  1775 | D        | Noticed a golden dragon
  1789 | D        | Killed a golden dragon
  1790 | D        | Reached skill level 16 in Maces & Flails
  1790 | D        | Reached skill level 10 in Armour
  1792 | D        | Killed a shadow dragon
  1793 | D        | Reached skill level 15 in Fighting
  1793 | D        | Reached XP level 12. HP: 51/77 MP: 3/13
  1886 | D        | Found Venyonk's Jewellery Shoppe.
  1923 | D        | Noticed a deep elf annihilator
  1930 | D        | Received a gift from Trog
  1935 | D        | Killed a deep elf annihilator
  1937 | D        | Paralysed by a hornet for 2 turns
  1943 | D        | HP: 5/115 [arrow trap (2)]
  1944 | D        | Mangled by a hornet

Illustrated notes

Levels and vault maps discovered:
D:        dungeon_sprint_1 [red_sonja_temple_1, red_sonja_temple_small_1]

Skill      XL: |  1  2  3  4  5  6  7  8  9 10 11 12 |
---------------+-------------------------------------+-----
Fighting       | 4 5 7 8 10 11 12 13 15 | 15.5
Maces & Flails | 4 5 7 9 10 11 13 14 16 | 16.8
Armour         | 2 3 4 5 6 8 9 10 | 10.2
Dodging        | 2 3 4 5 6 7 8 |  8.0
Stealth        | 1 2 3 6 9 |  9.5
Evocations     | 1 |  1.5

Action                   |  1- 3 |  4- 6 |  7- 9 | 10-12 || total
-------------------------+-------+-------+-------+-------++-------
Melee: Mace              |     7 |    13 |    20 |       ||    40
       Bite              |     3 |     2 |    19 |    58 ||    82
       Flail             |       |       |    20 |    49 ||    69
       Dire flail        |       |       |       |    73 ||    73
Invok: Berserk           |     2 |     2 |     6 |     8 ||    18
       Brothers in Arms  |       |       |       |     2 ||     2
Evoke: Wand              |       |     1 |     1 |       ||     2
  Use: Scroll            |       |       |     1 |     3 ||     4
 Stab: Sleeping          |       |       |       |     3 ||     3
Armor: Scale mail        |       |     3 |    12 |       ||    15
       Troll leather arm |       |       |     9 |    25 ||    34
Dodge: Dodged            |     2 |     4 |    15 |    59 ||    80

Table legend: (Time is in decaauts)
 A = Elapsed time spent in this place.
 B = Non-inter-level travel time spent in this place.
 C = Inter-level travel time spent in this place.
 D = Time resting spent in this place.
 E = Time spent auto-exploring this place.
 F = Levels seen in this place.
 G = Mean time per level.
                   A        B        C        D        E       F      G
               +--------+--------+--------+--------+--------+-----+--------+
         Total |   2044 |   2044 |      0 |   1191 |     17 |   1 | 2044.0 |
       Dungeon |   2044 |   2044 |      0 |   1191 |     17 |   1 | 2044.0 |
               +--------+--------+--------+--------+--------+-----+--------+

Top non-repeatable levels by time:
       D: 2044 daAuts
